 Dungeon Crawl Stone Soup version 0.29.0-4-gdea44cf6ec (webtiles) character file.

Game seed: 4948084295410566388

317 qw the Chopper (level 6, 0/35 HPs)
             Began as a Tengu Warper on Aug 28, 2022.
             Slain by an orc
             ... wielding a +0 hand axe
              (3 damage)
             ... on level 4 of the Dungeon.
             The game lasted 00:00:20 (2862 turns).

qw the Chopper (Tengu Warper)                       Turns: 2862, Time: 00:00:20

Health: 0/35       AC: 13    Str: 13    XL:     6   Next: 45%
Magic:  10/10      EV:  5    Int: 14    God:
Gold:   190        SH:  0    Dex: 13    Spells: 9/9 levels left

rFire   . . .      SeeInvis .   a - +0 war axe
rCold   . . .      Faith    .   (no shield)
rNeg    . . .      Spirit   .   d - +0 plate armour
rPois   .          Reflect  .   (helmet restricted)
rElec   .          Harm     .   (no cloak)
rCorr   .          Rampage  .   c - +1 pair of gloves
Will    .....                   (boots unavailable)
Stlth   ..........              (no amulet)
HPRegen 0.11/turn               (no ring)
MPRegen 0.12/turn               (no ring)

@: lethally poisoned (0 -> -22), flying quickly and evasively, quick
A: beak, talons 3, nimble flight
a: no special abilities


You were on level 4 of the Dungeon.
You visited 1 branch of the dungeon, and saw 4 of its levels.

You collected 190 gold pieces.


Innate Abilities, Weirdness & Mutations

You have a beak for a mouth.
You have claws for feet.
Your magical nature lets you fly swiftly and evasively.


   Skills:
 - Level 2.0 Fighting
 + Level 6.6 Axes
 - Level 1.0 Throwing
 - Level 3.0 Armour
 - Level 2.1 Dodging
 - Level 2.0 Spellcasting
 - Level 2.4 Translocations


You had 9 spell levels left.
You didn't know any spells.
Your spell library contained the following spells:

 Spells                   Type           Power      Damage    Failure   Level
 Blink                    Tloc           16%        N/A       100%        2
 Gell's Gravitas          Tloc           8%         N/A       100%        3
 Lesser Beckoning         Tloc           8%         N/A       100%        3
 Teleport Other           Tloc           8%         N/A       100%        3
 Manifold Assault         Tloc           8%         N/A       100%        5

Inventory:

Hand Weapons
 a - a +0 war axe (weapon)
 Y - a +1 hand axe of flaming
Armour
 c - a +1 pair of gloves (worn)
 d - a +0 plate armour (worn)
Scrolls
 b - 3 scrolls of identify
 j - a scroll of teleportation {unknown}
Potions
 e - a potion of attraction {unknown}
 f - a potion of might {unknown}
 g - a potion of heal wounds
 h - a potion of curing {unknown}
 i - a potion of cancellation {unknown}
 k - a potion of degeneration {unknown}
 l - a potion of brilliance {unknown}

Dungeon Overview and Level Annotations

Branches:
Dungeon (4/15)
 Temple: D:4-7

Altars:

Shops:
D:1 [


Message History

An orc comes into view. It is wielding a +0 hand axe.
Enter note: The orc shouts!
An orc comes into view. It is wielding a +0 mace.
The orc unwields a +0 hand axe.
The orc wields a +0 sling.
The orc shoots a sling bullet.
The sling bullet hits you.
A scorpion comes into view.
2856 ||| Stepping ~*~*~tactically~*~*~ (hiding).
The orc shouts!
You hear a shout!
An orc wizard comes into view. It is wielding a +0 dagger.
Enter note: You barely miss the orc.
You claw the orc!
You kill the orc!
You hit the orc but do no damage.
The orc unwields a +0 sling.
The orc wields a +0 hand axe.
The orc hits you but does no damage.
You hit the scorpion.
You claw the scorpion, but do no damage.
The scorpion is lightly wounded.
You hit the orc. The scorpion stings you.
You are poisoned.
The scorpion poisons you! The orc hits you with a +0 hand axe.
The scorpion stings you but does no damage.
You completely miss the scorpion.
The scorpion is lightly wounded.
You barely miss the orc wizard. You closely miss the orc.
You feel very sick.
The orc wizard points at you and mumbles some strange words.
The puff of flame hits you. The scorpion completely misses you.
The orc drinks a potion.
The orc suddenly seems more resistant.
You hit the scorpion. Your kick misses the scorpion.
The scorpion is moderately wounded.
You closely miss the orc wizard. You hit the orc.
You feel very sick.
The orc wizard gestures at you while chanting.
The magic dart hits you. The scorpion stings you.
You are more poisoned.
The scorpion poisons you! The orc hits you with a +0 hand axe.
You die...

.......##.######
.#.....#.
.....><........####
#.........
.......##%####....
..........
.................##
...>......
#######........#... ..
##### #..........####...
....###........##......
....#............o.###..
....#.#.........@s......
.........#####.#.o......
....###### #.....#....
....# .....## ... ....#
........ . #####
#.......## #^......#
##.....## #.....#


You could see a scorpion, an orc wizard and an orc (resistant).

Vanquished Creatures
  2 phantoms
  An orc wizard (D:4)
  5 adders
  2 dart slugs
  3 worms
  8 orcs (D:4)
  8 endoplasms
  4 giant cockroaches
  6 goblins
  5 hobgoblins
  3 jackals (D:4)
  4 kobolds
  3 quokkas
  10 ball pythons
  5 bats
  2 frilled lizards (D:3)
  4 rats
75 creatures vanquished.

Vanquished Creatures (others)
  A plant (D:1)
1 creature vanquished.

Grand Total: 76 creatures vanquished

Notes
Turn   | Place    | Note
-------+----------+-------------------------------------------
     0 | D:1      | qw the Tengu Warper began the quest for the Orb.
     0 | D:1      | Reached XP level 1. HP: 12/12 MP: 4/4
     0 | D:1      | 0 ||| qw: Version: 0.1-a-89-g26bdef1
     0 | D:1      | 0 ||| qw: Game counter: 2242
     0 | D:1      | 0 ||| qw: Always use a shield: true
     0 | D:1      | 0 ||| qw: God list: Okawaru
     0 | D:1      | 0 ||| qw: Allow faded altars: false
     0 | D:1      | 0 ||| qw: Do Orc after D:15 true
     0 | D:1      | 0 ||| qw: Do second Lair branch before Depths: true
     0 | D:1      | 0 ||| qw: Lair rune preference: random
     0 | D:1      | 0 ||| qw: Plans: Normal
     0 | D:1      | 0 ||| PLANNING D:1-11
    85 | D:1      | HP: 3/12 [quokka (1)]
    87 | D:1      | Reached XP level 2. HP: 5/17 MP: 6/6
   383 | D:1      | Reached skill level 3 in Axes
   628 | D:1      | Found a faded altar of an unknown god.
   705 | D:1      | Found Ethun's Armour Boutique.
   712 | D:1      | 712 ||| SHOPLISTING +4 plate armour of fire resistance (550
                  | gold, have 21).
   815 | D:1      | 815 ||| UPGRADING to +0 plate armour.
   825 | D:1      | 825 ||| DROPPING +0 leather armour.
   826 | D:1      | 826 ||| READING scroll labelled NUULOO LIUMUT.
   827 | D:1      | 827 ||| DROPPING scroll of blinking.
   854 | D:2      | 854 ||| STAIRDANCE
   884 | D:2      | 884 ||| STAIRDANCE
   891 | D:1      | Reached XP level 3. HP: 17/21 MP: 7/7
   940 | D:2      | 940 ||| STAIRDANCE
  1068 | D:2      | 1068 ||| Stepping ~*~*~tactically~*~*~ (stealth).
  1069 | D:2      | 1069 ||| Stepping ~*~*~tactically~*~*~ (stealth).
  1077 | D:2      | 1077 ||| Stepping ~*~*~tactically~*~*~ (stealth).
  1079 | D:2      | 1079 ||| Stepping ~*~*~tactically~*~*~ (stealth).
  1084 | D:2      | Reached skill level 4 in Axes
  1110 | D:2      | 1110 ||| Stepping ~*~*~tactically~*~*~ (stealth).
  1123 | D:2      | 1123 ||| Stepping ~*~*~tactically~*~*~ (stealth).
  1128 | D:2      | 1128 ||| Stepping ~*~*~tactically~*~*~ (stealth).
  1130 | D:2      | 1130 ||| Stepping ~*~*~tactically~*~*~ (stealth).
  1136 | D:2      | 1136 ||| Stepping ~*~*~tactically~*~*~ (stealth).
  1527 | D:2      | Reached XP level 4. HP: 24/26 MP: 8/8
  1609 | D:2      | 1609 ||| UPGRADING to +1 pair of gloves.
  1614 | D:2      | 1614 ||| READING 2 scrolls labelled OKEANA PELAA.
  1647 | D:3      | 1647 ||| Stepping ~*~*~tactically~*~*~ (stealth).
  1862 | D:3      | Noticed a phantom
  1882 | D:3      | HP: 4/26 [phantom (4)]
  1883 | D:3      | Killed a phantom
  1884 | D:3      | Reached skill level 5 in Axes
  1884 | D:3      | Gained mutation: Your magical nature lets you fly swiftly
                  | and evasively. [Tengu growth]
  1884 | D:3      | Reached XP level 5. HP: 5/30 MP: 9/9
  2338 | D:3      | 2338 ||| READING scroll labelled NOJIDGH JOPRO.
  2339 | D:3      | 2339 ||| DROPPING +0 whip.
  2340 | D:3      | 2340 ||| READING 2 scrolls of identify.
  2340 | D:3      | 2340 ||| IDENTIFYING yellow potion
  2385 | D:4      | Noticed a phantom
  2387 | D:4      | 2387 ||| Stepping ~*~*~tactically~*~*~ (hiding).
  2393 | D:4      | 2393 ||| Stepping ~*~*~tactically~*~*~ (hiding).
  2403 | D:4      | Killed a phantom
  2404 | D:4      | Reached skill level 6 in Axes
  2404 | D:4      | Reached XP level 6. HP: 11/35 MP: 10/10
  2404 | D:4      | HP: 6/35 [something/magic dart (4)]
  2405 | D:4      | 2405 ||| DRINKING potion of heal wounds.
  2439 | D:4      | 2439 ||| FLEEEEING.
  2441 | D:4      | 2441 ||| FLEEEEING.
  2442 | D:4      | 2442 ||| FLEEEEING.
  2448 | D:4      | 2448 ||| STAIRDANCE
  2628 | D:4      | 2628 ||| Stepping ~*~*~tactically~*~*~ (stealth).
  2629 | D:4      | 2629 ||| Stepping ~*~*~tactically~*~*~ (stealth).
  2630 | D:4      | 2630 ||| Stepping ~*~*~tactically~*~*~ (stealth).
  2652 | D:4      | 2652 ||| SWAPPING to +0 war axe.
  2809 | D:4      | Reached skill level 3 in Armour
  2856 | D:4      | 2856 ||| Stepping ~*~*~tactically~*~*~ (hiding).
  2862 | D:4      | HP: 8/35 [orc wizard/magic dart (5)]
  2862 | D:4      | HP: 3/35 [scorpion (5)]
  2862 | D:4      | Slain by an orc

Levels and vault maps discovered:
D:1:      psy_arrival_basics, layout_rooms, serial_forest,
          infiniplex_forest_lined_ring, infiniplex_forest_corner_1,
          infiniplex_forest_lined_1, infiniplex_forest_straight_5,
          infiniplex_forest_straight_2, infiniplex_forest_lined_2,
          infiniplex_forest_corner_1, infiniplex_forest_end_double,
          serial_shops, shop, ebering_ecumenical_altar_box
D:2:      layout_basic, dreamdust_princess_bridge
D:3:      layout_basic
D:4:      layout_rooms

Skill      XL: |  1  2  3  4  5  6 |
---------------+-------------------+-----
Axes           | 3 4 5 6 |  6.6
Armour         | 2 3 |  3.0
Fighting       | |  2.0
Throwing       | |  1.0
Dodging        | |  2.1
Spellcasting   | |  2.0
Translocations | |  2.4

Action                   |  1- 3 |  4- 6 || total
-------------------------+-------+-------++-------
Melee: Hand axe          |    79 |    75 ||   154
       Kick              |    19 |    22 ||    41
       Peck              |    14 |    11 ||    25
       War axe           |       |    17 ||    17
Throw: Boomerang         |     7 |       ||     7
  Use: Scroll            |     1 |     3 ||     4
       Potion            |       |     1 ||     1
Armor: Leather armour    |    15 |       ||    15
       Plate armour      |    29 |    90 ||   119
Dodge: Dodged            |    22 |    12 ||    34

Table legend:
 A = Non-vault XP
 B = Vault XP
 C = Vault XP percentage of total XP
 D = Non-vault monster count
 E = Vault monster count
 F = Vault count percentage of total count
                 A         B        C        D         E       F
            +---------+---------+-------+---------+---------+-------
      Total |     454 |       0 |   0.0 |      75 |       0 |   0.0
            +---------+---------+-------+---------+---------+-------
        D:1 |      35 |       0 |   0.0 |      19 |       0 |   0.0
        D:2 |      48 |       0 |   0.0 |      17 |       0 |   0.0
        D:3 |     156 |       0 |   0.0 |      16 |       0 |   0.0
        D:4 |     215 |       0 |   0.0 |      23 |       0 |   0.0
            +---------+---------+-------+---------+---------+-------
